 Dungeon Crawl Stone Soup version 0.17.0-24-gcfadda4 (webtiles) character file.

147 shklvsk the Cudgeler (level 5, -2/41 HPs)
             Began as a Mummy Abyssal Knight on Nov 16, 2015.
             Was a Priest of Lugonu.
             Killed by a spatial distortion (3 damage)
             ... on level 3 of the Dungeon.
             The game lasted 00:08:03 (3219 turns).

shklvsk the Cudgeler (Mummy Abyssal Knight)         Turns: 3219, Time: 00:08:03

Health: -2/41      AC:  7    Str: 15 (17) XL:     5   Next: 7%
Magic:  7/7        EV:  9    Int:  6 (11) God:    Lugonu [***...]
Gold:   105        SH:  0    Dex:  8 (11) Spells: 0 memorised, 4 levels left

rFire  x . .     SeeInvis .     a - +1 mace
rCold  + . .     Clarity  .     m - +0 scale mail
rNeg   + + +     SustAt   .     (no shield)
rPois  ∞         Gourm    .     (no helmet)
rElec  .         Spirit   .     (no cloak)
rCorr  .         Warding  .     (no gloves)
rMut   .         Stasis   .     i - +0 pair of boots
MR     .....                    (no amulet)
Stlth  ..........               (no ring)
                                (no ring)

@: not resistant to hostile enchantments, extremely unstealthy
A: no food or potions, fire vulnerability, cold resistance 1, negative energy
resistance 3, torment resistance, unbreathing
a: Depart the Abyss, Bend Space, Banish, Renounce Religion


You were on level 3 of the Dungeon.
You worshipped Lugonu.
Lugonu was most pleased with you.
You were not hungry.

You visited 1 branch of the dungeon, and saw 3 of its levels.
You visited the Abyss 1 time.

You collected 105 gold pieces.

Inventory:

Hand Weapons
 a - a +1 mace (weapon)
 j - a +2 dagger of venom
   (You took it off a goblin on level 1 of the Dungeon)
Missiles
 l - 83 stones (quivered)
 n - 17 poisoned needles
Armour
 b - a +0 leather armour
 f - a +1 helmet
   (You found it on level 3 of the Dungeon)
 i - a +0 pair of boots (worn)
   (You found it on level 1 of the Dungeon)
 m - a +0 scale mail (worn)
   (You found it on level 1 of the Dungeon)
Scrolls
 c - 2 scrolls of remove curse
 d - a scroll of immolation {!r}
 e - a scroll of recharging


   Skills:
 - Level 3.0 Fighting
 * Level 3.7 Maces & Flails
 - Level 1.5 Armour
 - Level 0.7 Dodging
 + Level 2.9 Invocations


You had 4 spell levels left.
You didn't know any spells.

Dungeon Overview and Level Annotations

Branches:
Dungeon (3/15)

Altars:
Cheibriados
Zin

Shops:
D:3 *

Portals:
Sewer: D:3

Annotations:
D:2 Sigmund


Innate Abilities, Weirdness & Mutations

You do not eat or drink.
Your flesh is vulnerable to fire.
You are immune to poison.
Your flesh is cold resistant.
You are immune to negative energy.
You are immune to unholy pain and torment.
You can survive without breathing.


Message History

You hit the rat.
You kill the rat!
Lugonu accepts your kill.
You hit the rat but do no damage. The rat barely misses you.
The rat barely misses you. The rat bites you but does no damage.
The rat bites you but does no damage.
You closely miss the rat. The rat bites you.
The rat bites you but does no damage.
You take 2 damage, and have 17/41 hp.
You hit the rat.
You kill the rat!
Lugonu accepts your kill. The rat bites you but does no damage.
The rat bites you but does no damage.
You see here a rat corpse.
The rat closely misses you. The rat bites you.
You take 1 damage, and have 16/41 hp.
You barely miss the rat. The rat bites you.
You take 2 damage, and have 14/41 hp.
You hit the rat.
You kill the rat!
Lugonu accepts your kill.
You see here a rat corpse.
You hear the quick rusting of a distant drain.
There is an open door here.
Items here: †††††† a rat corpse x6
There is an open door, spattered with blood here.
Things that are here:
a rat corpse x3
There is an open door here.
You see here a bat corpse.
There is an open door here.
An adder and 2 giant cockroaches come into view.
Found a glowing drain.
An adder comes into view.
The adder barely misses you.
You hit the adder. The adder barely misses you. The adder barely misses you.
You hit the adder but do no damage. The giant cockroach barely misses you.
The adder misses you. The giant cockroach barely misses you.
You barely miss the adder. The adder bites you but does no damage.
The giant cockroach closely misses you. The adder bites you.
The adder bites you.
You take 4 damage, and have 14/41 hp.
You hit the adder. The giant cockroach bites you. The adder barely misses you.
The adder barely misses you. The giant cockroach barely misses you.
The adder bites you but does no damage. x2
You closely miss the adder. The giant cockroach closely misses you.
The adder barely misses you. The adder closely misses you.
You closely miss the adder. The giant cockroach closely misses you.
The adder closely misses you. The adder bites you but does no damage.
The giant cockroach bites you.
* * * LOW HITPOINT WARNING * * *
The adder completely misses you. The adder barely misses you.
You take 2 damage, and have 12/41 hp.
Read which item? (? for menu, Esc to quit)
Okay, then.
You aren't carrying any items that can be evoked.
The adder bites you.
* * * LOW HITPOINT WARNING * * *
The adder barely misses you.
You take 2 damage, and have 10/41 hp.
There is an open door here.
The giant cockroach waves its antennae.
The adder bites you but does no damage.
You closely miss the adder. The adder barely misses you.
You closely miss the adder. The giant cockroach bites you.
* * * LOW HITPOINT WARNING * * *
The adder barely misses you.
You take 1 damage, and have 10/41 hp.
The adder bites you.
* * * LOW HITPOINT WARNING * * *
You take 1 damage, and have 9/41 hp.
The adder barely misses you.
The giant cockroach bites you but does no damage.
The adder closely misses you.
There is an open door here.
You see here a bat corpse.
You closely miss the adder. The adder barely misses you.
You sock the adder!
You hear the quick rusting of a distant drain.
The adder bites you but does no damage. The adder bites you.
* * * LOW HITPOINT WARNING * * *
You take 4 damage, and have 6/41 hp.
You barely miss the adder. The adder bites you but does no damage.
You closely miss the adder. The adder completely misses you.
The adder bites you but does no damage.
You completely miss the adder. The adder bites you.
* * * LOW HITPOINT WARNING * * *
You take 3 damage, and have 4/41 hp.
You miss the adder. The adder closely misses you.
The adder bites you but does no damage.
You miss the adder. The adder bites you.
* * * LOW HITPOINT WARNING * * *
The adder bites you but does no damage.
You take 3 damage, and have 1/41 hp.
Space bends around you!
You blink.
You die...

#.##......#.#####..#
#†##......#........#
#.[†.....###.......####
......................###########
................................#
?.....#############....########..
..÷...#...sSS§....#....###### ##.
..%...#...s###....#.........# #.
......#...## ##.@.#........?# #.
......#..## ##..#.....)...# ##
......'.## ##.#.........# #
......### #†#.........# #
......#%## ##.#.........# #
......#..## ##..#.........#####
......#...## ##...#............#.
......#....###....#..........#...
......#...†.†.....#....<....###..


You could see 2 adders.

Vanquished Creatures
  Ijyb (D:3)
  3 adders
  2 oozes (D:1)
  2 giant geckos (D:1)
  5 bats
  5 giant cockroaches
  7 goblins
  6 hobgoblins
  8 jackals (D:1)
  4 kobolds (D:1)
  2 quokkas (D:2)
  3 giant newts (D:2)
  35 rats
83 creatures vanquished.

Notes
Turn   | Place    | Note
--------------------------------------------------------------
     0 | Abyss:1  | shklvsk the Mummy Abyssal Knight began the quest for the Orb.
     0 | Abyss:1  | Reached XP level 1. HP: 18/18 MP: 2/2
    41 | Abyss:1  | Noticed a wretched star
    49 | D:1      | Escaped the Abyss
    74 | D:1      | Reached skill level 2 in Maces & Flails
    93 | D:1      | HP: 4/18 [giant gecko (5)]
    95 | D:1      | Reached XP level 2. HP: 5/24 MP: 3/3
   474 | D:1      | HP: 6/24 [kobold/whip (6)]
   822 | D:1      | Reached skill level 2 in Invocations
  1132 | D:1      | Reached XP level 3. HP: 26/29 MP: 4/4
  1745 | D:1      | Reached ** piety under Lugonu
  2333 | D:2      | Reached skill level 3 in Maces & Flails
  2333 | D:2      | Reached XP level 4. HP: 28/35 MP: 5/5
  2409 | D:2      | Noticed Sigmund
  2708 | D:2      | Found a snail-covered altar of Cheibriados.
  2842 | D:3      | Found Zin's Purification Station.
  2846 | D:3      | Found a glowing silver altar of Zin.
  2999 | D:3      | Noticed Ijyb
  3032 | D:3      | Killed Ijyb
  3113 | D:3      | Reached *** piety under Lugonu
  3121 | D:3      | Reached XP level 5. HP: 18/41 MP: 7/7
  3189 | D:3      | Found a glowing drain.
  3199 | D:3      | HP: 10/41 [adder (2)]
  3205 | D:3      | HP: 10/41 [giant cockroach (1)]
  3213 | D:3      | HP: 6/41 [adder (4)]
  3218 | D:3      | HP: 1/41 [adder (3)]
  3219 | D:3      | Killed by a spatial distortion

Action                   |  1- 3 |  4- 6 || total
-------------------------+-------+-------++-------
Melee: Mace              |   161 |   165 ||   326
  Use: Scroll            |       |     6 ||     6

Vault maps used:
D:1:      erik_arrival_cave_to_civilisation, hangedman_decor_opposing,
          minmay_misc_feat_alley
D:2:      cheibriados_altar_1, serial_forest, infiniplex_forest_clump_medium,
          infiniplex_forest_join, infiniplex_forest_clump_C,
          infiniplex_forest_lined_3_way, infiniplex_forest_end_double,
          infiniplex_forest_zigzag_1, infiniplex_forest_straight_5,
          serial_bayou_pond_b, uniq_sigmund
D:3:      zin_purify, gup_sewer_entry_glass, minmay_rats_cheesy_pizza,
          uniq_iyjb, uniq_robin

Table legend:
 A = Turns spent in this place as a percentage of turns spent in the entire game.
 B = Non-inter-level travel turns spent in this place as a percentage of non-inter-level travel turns spent in the entire game.
 C = Inter-level travel turns spent in this place as a percentage of turns spent in this place.
 D = Turns resting spent in this place as a percentage of non-inter-level travel turns spent in this place.
 E = Turns spent auto-exploring this place as a percentage of non-inter-level travel turns spent in this place.
 F = Non-inter-level travel turns spent in this place divided by the number of levels of this place that you've seen.
                   A       B       C       D       E      F
               +-------+-------+-------+-------+-------+----------------------
         Total | 100.0 | 100.0 |   0.3 |   3.3 |   4.5 | 243.2
       Dungeon |  95.7 |  95.7 |   0.3 |   3.4 |   4.6 | 310.3
         Abyss |   4.3 |   4.3 |   0.0 |   0.0 |   2.4 |  42.0
               +-------+-------+-------+-------+-------+----------------------

Table legend:
 A = Kills in this place as a percentage of kills in entire the game.
 B = Kills by you in this place as a percentage of kills by you in the entire game.
 C = Kills by friends in this place as a percentage of kills by friends in the entire game.
 D = Other kills in this place as a percentage of other kills in the entire game.
 E = Experience gained in this place as a percentage of experience gained in the entire game.
 F = Experience gained in this place divided by the number of levels of this place that you have seen.
                   A       B       C       D       E      F
               +-------+-------+-------+-------+-------+----------------------
         Total | 100.0 | 100.0 |  -nan |  -nan | 100.0 |  52.5
       Dungeon | 100.0 | 100.0 |  -nan |  -nan | 100.0 |  70.0
               +-------+-------+-------+-------+-------+----------------------
